 Dungeon Crawl Stone Soup version 0.22.0-49-gab54619674 (webtiles) character file.

19294 Gargoyl the Cleaver (level 12, -5/101 HPs)
             Began as a Centaur Abyssal Knight on Sept 8, 2018.
             Was a Priest of Lugonu.
             Slain by a death yak (22 damage)
             ... on level 2 of the Lair of Beasts.
             The game lasted 00:26:16 (19893 turns).

Gargoyl the Cleaver (Centaur Abyssal Knight)       Turns: 19893, Time: 00:26:17

Health: -5/101     AC: 18    Str: 15 (17) XL:     12   Next: 35%
Magic:  19/19      EV:  8    Int: 12 (13) God:    Lugonu [***...]
Gold:   966        SH:  0    Dex:  7 (10) Spells: 11/11 levels left

rFire    + . .     SeeInvis +   s - +1 war axe (venom)
rCold    . . .     Gourm    .   (no shield)
rNeg     . . .     Faith    .   d - +2 scale mail
rPois    .         Spirit   .   x - +0 helmet
rElec    .         Reflect  .   (no cloak)
rCorr    .         Harm     .   i - +1 pair of gloves
MR       .....                  (no barding)
Stlth    ..........             w - amulet of the acrobat
HPRegen  0.26/turn              g - ring of see invisible
MPRegen  0.16/turn              u - ring of protection from fire

@: very quick
A: large, hooves 3, thin metallic scales 1, yellow scales 1, clever 1, clumsy 1,
deformed body, speed 2, tough skin 3
a: Depart the Abyss, Bend Space, Banish, Renounce Religion


You were on level 2 of the Lair of Beasts.
You worshipped Lugonu.
Lugonu was most pleased with you.
You were not hungry.

You visited 2 branches of the dungeon, and saw 14 of its levels.
You visited the Abyss 1 time.

You collected 966 gold pieces.

Inventory:

Hand Weapons
 f - a +2 war axe of electrocution
 h - a +3 hand axe
 s - a +1 war axe of venom (weapon)
Missiles
 F - 6 tomahawks (quivered)
Armour
 d - a +2 scale mail (worn)
 i - a +1 pair of gloves (worn)
 x - a +0 helmet (worn)
Jewellery
 g - a ring of see invisible (left hand)
 j - an uncursed ring of magical power
 u - a ring of protection from fire (right hand)
 w - an amulet of the acrobat (around neck)
 G - an uncursed ring of protection from fire
 J - an uncursed amulet of the gourmand {unknown}
Wands
 a - a wand of flame (68)
 e - a wand of enslavement (32)
 r - a wand of random effects (69)
 v - a wand of iceblast (12)
 y - a wand of disintegration (4)
Scrolls
 k - 4 scrolls of magic mapping
 l - 7 scrolls of teleportation
 q - 6 scrolls of identify
 z - a scroll of blinking
 H - a scroll of amnesia
 I - a scroll of remove curse
Potions
 b - 3 potions of flight
 m - 2 potions of agility
 o - 3 potions of mutation
 p - 4 potions of might
 t - a potion of haste {unknown}
 A - a potion of curing
 B - a potion of cancellation
 C - 2 potions of degeneration
 D - a potion of berserk rage
 L - a potion of brilliance {unknown}
Comestibles
 c - 18 rations


   Skills:
 + Level 7.9 Fighting
 + Level 10.6 Axes
 * Level 9.1 Armour
 + Level 3.6 Dodging
 * Level 10.3 Invocations
 + Level 0.7 Evocations


You had 11 spell levels left.
You didn't know any spells.
Your spell library contained the following spells:

 Spells                   Type           Power        Failure   Level  Hunger
 Confusing Touch          Hex            #.....       71%         1    ##.....
 Shock                    Conj/Air       #...         71%         1    ##.....
 Passwall                 Tmut/Erth      #.......     83%         2    ###....
 Swiftness                Chrm/Air       #.......     83%         2    ###....
 Confuse                  Hex            #.......     97%         3    ####...
 Gell's Gravitas          Tloc           #.........   97%         3    ####...
 Ignite Poison            Fire/Tmut/Pois #.......     97%         3    ####...
 Static Discharge         Conj/Air       #.......     97%         3    ####...
 Airstrike                Air            #.........   100%        4    #####..
 Petrify                  Tmut/Erth      #.......     100%        4    #####..
 Lightning Bolt           Conj/Air       #.........   100%        5    ######.
 Metabolic Englaciation   Hex/Ice        #.........   100%        5    ######.
 Yara's Violent Unravell  Hex/Tmut       #.........   100%        5    ######.
 Ring of Flames           Chrm/Fire      #.........   100%        7    #######
 Ignition                 Fire           #.........   100%        8    #######


Dungeon Overview and Level Annotations

Branches:
Dungeon (11/15)            Temple (0/1) D:5            Lair (3/6) D:10
  Snake (0/4) Lair:3
  Swamp: Lair:2-4    Shoals: Lair:2-4       Orc: D:9-12

Altars:
Dithmenos
Elyvilon
Fedhas
Hepliaklqana
Makhleb
Qazlal
Ru
Vehumet
Yredelemnul
Zin

Shops:
D:10 (

Annotations:
D:8 Grum
Lair:2 3 runed doors, Freyura's ghost, journeyman MiFi


Innate Abilities, Weirdness & Mutations

You have hooves in place of feet.
Armour fits poorly on your strangely shaped body.
You cover ground very quickly.
You have extremely tough skin. (AC +3)
You are partially covered in thin metallic scales. (AC +2)
You are partially covered in yellow scales. (AC +2)
Your mind is acute. (Int +2)
You are clumsy. (Dex -2)


Message History

The death yak looks as sick as possible!
The death yak is moderately wounded.
The death yak gores you!
* * * LOW HITPOINT WARNING * * *
Unknown command.
You start resting.
The death yak is too close now for your liking.
You start resting.
The death yak is too close now for your liking.
Throwing (i - inventory)
F - 7 tomahawks (quivered)
Press: ? - help, Shift-Dir - straight line, f - death yak
Aim: a death yak (severely wounded)
You throw a tomahawk.
The tomahawk hits the death yak but does no damage.
The death yak is severely wounded.
You hit the death yak but do no damage.
The death yak is poisoned.
You kick the death yak, but do no damage.
The death yak is severely wounded.
The death yak gores you!!
You die...

##.......####.##..#.####..
##......Y#.####.#...##...
##.......## ####.......
#........## ##......
#P........## #.......
##.....(...# #.......
##.......## #(...[..
#P.Y#.### #....... ####@##
##...... ####
#########.....
##.####.............
####.##................
#...............#......
#####...........#######
#..........###
###......### ##.#P###


You could see a death yak.

Vanquished Creatures
  A two-headed ogre (D:8)
  3 death yaks
  A necromancer (Lair:2)
  A black mamba (Lair:1)
  Psyche (D:10)
  7 spiny frogs
  A komodo dragon (Lair:2)
  3 hippogriffs
  4 spriggans (Lair:3)
  2 wyverns
  22 yaks
  2 basilisks
  A human (D:8)
  3 hogs (D:8)
  A hungry ghost (D:8)
  3 wargs (D:10)
  3 water moccasins
  Duvessa (D:7)
  5 orc warriors
  2 ice beasts
  2 sky beasts (D:7)
  A black bear (D:10)
  A hornet zombie (D:9)
  4 ogres
  A phantom (D:6)
  16 wolves
  2 centaurs
  A boggart (Lair:3)
  4 crocodiles
  A big kobold (D:9)
  11 bullfrogs
  Dowan (D:7)
  5 scorpions
  6 killer bees (D:9)
  A howler monkey (D:8)
  A centaur zombie (D:8)
  5 crimson imps
  A quasit (D:5)
  6 orc priests
  6 hounds
  3 jellies
  12 orc wizards
  4 polar bear simulacra (Lair:2)
  8 worker ants
  4 yak simulacra (Lair:2)
  A wolf simulacrum (Lair:2)
  15 adders
  3 shadow imps
  An adder skeleton (D:7)
  3 worms
  3 dart slugs
  6 leopard geckos
  45 orcs
  2 ball pythons
  4 giant cockroaches
  4 hobgoblins
  12 jackals
  6 kobolds
  5 quokkas
  11 bats
  6 frilled lizards
  5 goblins
  A leopard gecko skeleton (D:4)
  6 rats
  2 river rat simulacra (Lair:2)
315 creatures vanquished.

Vanquished Creatures (collateral kills)
  An adder (D:4)
1 creature vanquished.

Vanquished Creatures (others)
  2 hydras (Lair:2)
  A spriggan (Lair:3)
  A yak (Lair:1)
  An ogre (D:4)
  A bat (D:2)
  A kobold (D:2)
  2 fungi (Lair:1)
  10 plants
19 creatures vanquished.

Grand Total: 335 creatures vanquished

Notes
Turn   | Place    | Note
-------+----------+-------------------------------------------
     0 | Abyss:1  | Gargoyl the Centaur Abyssal Knight began the quest for the
                  | Orb.
     0 | Abyss:1  | Reached XP level 1. HP: 19/19 MP: 2/2
    47 | Abyss:2  | Noticed a large abomination
    48 | Abyss:2  | Found a corrupted altar of Lugonu.
    73 | Abyss:2  | Noticed a ynoxinul
    94 | Abyss:2  | Noticed a large abomination
    96 | Abyss:2  | Noticed a small abomination
    98 | D:1      | Escaped the Abyss
   396 | D:1      | Reached XP level 2. HP: 23/26 MP: 3/3
   551 | D:1      | Reached * piety under Lugonu
  1212 | D:2      | Reached XP level 3. HP: 31/31 MP: 3/5
  1259 | D:2      | Found a radiant altar of Vehumet.
  1860 | D:2      | Reached XP level 4. HP: 34/38 MP: 6/6
  2001 | D:2      | Found a white marble altar of Elyvilon.
  2690 | D:3      | Reached skill level 1 in Dodging
  2690 | D:3      | Reached XP level 5. HP: 32/45 MP: 7/7
  2762 | D:3      | Reached ** piety under Lugonu
  3253 | D:3      | Found a glowing silver altar of Zin.
  3253 | D:3      | Found a burning altar of Makhleb.
  3254 | D:3      | Noticed an Executioner
  3254 | D:3      | Noticed an angel
  3385 | D:3      | Gained mutation: Your flesh is cold resistant. (rC+)
                  | [potion of mutation]
  3385 | D:3      | Gained mutation: You are partially covered in yellow
                  | scales. (AC +2) [potion of mutation]
  3385 | D:3      | Gained mutation: You are dopey. (Int -2) [potion of
                  | mutation]
  3385 | D:3      | Gained mutation: You are agile. (Dex +2) [potion of
                  | mutation]
  3424 | D:3      | Found a basalt altar of Yredelemnul.
  3582 | D:4      | Found a blossoming altar of Fedhas.
  3611 | D:4      | Found a shadowy altar of Dithmenos.
  3614 | D:4      | Noticed an ogre
  3621 | D:4      | Reached XP level 6. HP: 51/51 MP: 8/8
  4035 | D:4      | Reached XP level 7. HP: 54/58 MP: 10/10
  4249 | D:4      | Reached *** piety under Lugonu
  4364 | D:4      | Found a stormy altar of Qazlal.
  4364 | D:4      | Found a sacrificial altar of Ru.
  4400 | D:5      | Entered Level 5 of the Dungeon
  4666 | D:5      | Found a staircase to the Ecumenical Temple.
  5871 | D:6      | Noticed a hippogriff
  5934 | D:6      | Killed a hippogriff
  5934 | D:6      | Reached skill level 5 in Axes
  5934 | D:6      | Reached XP level 8. HP: 60/66 MP: 11/11
  6118 | D:6      | Reached skill level 5 in Invocations
  6567 | D:7      | Noticed Duvessa
  6567 | D:7      | Noticed Dowan
  6581 | D:7      | You fall through a shaft for 2 floors!
  6668 | D:9      | Reached skill level 5 in Armour
  6681 | D:9      | Got an ancient scimitar
  6682 | D:9      | Identified the cursed +0 scimitar of Eternal Vigilance
                  | {flame, rElec Int+5} (You found it on level 9 of the
                  | Dungeon)
  6852 | D:8      | Reached XP level 9. HP: 27/72 MP: 13/13
  6853 | D:8      | Noticed Grum
  7151 | D:7      | Reached **** piety under Lugonu
  7577 | D:7      | Killed Duvessa
  7579 | D:7      | Killed Dowan
  8419 | D:8      | Reached skill level 5 in Fighting
  8623 | D:8      | Found a hazy altar of Hepliaklqana.
  8723 | D:8      | Noticed a two-headed ogre
  8729 | D:8      | Killed a two-headed ogre
  9005 | D:8      | Reached XP level 10. HP: 77/81 MP: 14/14
 10207 | D:9      | Identified the Catalogue of the Unstable Arsonist
 10324 | D:10     | Entered Level 10 of the Dungeon
 10336 | D:10     | Noticed Psyche
 10346 | D:10     | Killed Psyche
 10864 | D:10     | Reached ***** piety under Lugonu
 10883 | D:10     | Found Ripa Moo's Antique Weapon Emporium.
 11448 | D:10     | Found a staircase to the Lair.
 11524 | D:10     | Reached XP level 11. HP: 56/91 MP: 17/17
 11825 | Lair:1   | Entered Level 1 of the Lair of Beasts
 12879 | Lair:1   | Lost mutation: You are dopey. (Int -2) [potion of mutation]
 12879 | Lair:1   | Lost mutation: Your flesh is cold resistant. (rC+) [potion
                  | of mutation]
 12879 | Lair:1   | Lost mutation: You are agile. (Dex +2) [potion of mutation]
 12879 | Lair:1   | Gained mutation: You are dopey. (Int -2) [potion of
                  | mutation]
 12879 | Lair:1   | Gained mutation: You are mostly covered in yellow scales.
                  | (AC +3) [potion of mutation]
 12880 | Lair:1   | Lost mutation: You are dopey. (Int -2) [potion of mutation]
 12880 | Lair:1   | Lost mutation: You are mostly covered in yellow scales. (AC
                  | +3) [potion of mutation]
 12880 | Lair:1   | Gained mutation: You are clumsy. (Dex -2) [potion of
                  | mutation]
 12880 | Lair:1   | Gained mutation: You are partially covered in thin metallic
                  | scales. (AC +2) [potion of mutation]
 12880 | Lair:1   | Gained mutation: Your mind is acute. (Int +2) [potion of
                  | mutation]
 14541 | Lair:2   | Noticed a four-headed hydra
 14545 | Lair:2   | Banished a four-headed hydra
 14939 | Lair:2   | Found a runed gate.
 14940 | Lair:2   | Noticed an 11-headed hydra
 15061 | Lair:2   | Noticed a four-headed hydra
 15069 | Lair:2   | Banished a four-headed hydra
 15406 | Lair:2   | Found a runed gate.
 15406 | Lair:2   | Found a runed gate.
 15406 | Lair:2   | Noticed Freyura's ghost (journeyman MiFi)
 15406 | Lair:2   | Noticed a nine-headed hydra
 15693 | Lair:2   | Noticed a necromancer
 15702 | Lair:2   | Killed a necromancer
 15702 | Lair:2   | Reached skill level 10 in Axes
 17432 | Lair:3   | Reached XP level 12. HP: 44/100 MP: 19/19
 17464 | Lair:3   | HP: 5/100 [poisoned by a spiny frog]
 17472 | Lair:3   | HP: 5/100 [poisoned by a spiny frog]
 17480 | Lair:3   | HP: 5/100 [poisoned by a spiny frog]
 17513 | Lair:3   | HP: 2/100 [spriggan/rapier of draining (7)]
 18222 | Lair:3   | Noticed a death yak
 18222 | Lair:3   | Noticed a death yak
 18222 | Lair:3   | Noticed a death yak
 18236 | Lair:3   | Noticed a death yak
 18257 | Lair:2   | Killed a death yak
 18257 | Lair:2   | Reached skill level 10 in Invocations
 18806 | Lair:3   | Found a staircase to the Snake Pit.
 18871 | Lair:3   | Killed a death yak
 18878 | Lair:3   | Killed a death yak
 19341 | Lair:3   | HP: 5/101 [spriggan/dagger (3)]
 19348 | Lair:3   | HP: 3/101 [spriggan/dagger (7)]
 19830 | Lair:2   | HP: 4/101 [death yak (16)]
 19893 | Lair:2   | Slain by a death yak

Skill      XL: |  1  2  3  4  5  6  7  8  9 10 11 12 |
---------------+-------------------------------------+-----
Axes           | 2 3 4 5 6 7 9 10 | 10.6
Armour         | 2 3 4 5 6 7 8 9 |  9.1
Invocations    | 3 4 5 6 8 9 10 | 10.3
Dodging        | 1 2 3 |  3.6
Fighting       | 4 5 6 7 |  7.9
Evocations     | |  0.7

Action                   |  1- 3 |  4- 6 |  7- 9 | 10-12 || total
-------------------------+-------+-------+-------+-------++-------
Melee: War axe           |    93 |   129 |   290 |   584 ||  1096
       Kick              |     8 |    18 |    58 |   130 ||   214
Throw: Tomahawk          |       |       |       |     1 ||     1
Invok: Depart the Abyss  |     1 |       |       |       ||     1
       Banish            |       |       |       |    14 ||    14
       Bend Space        |       |       |       |     1 ||     1
Evoke: Wand              |       |     2 |     5 |       ||     7
  Use: Scroll            |     4 |     2 |    10 |     9 ||    25
       Potion            |       |     1 |       |    12 ||    13
 Stab: Distracted        |       |       |       |     1 ||     1
  Eat: Chunk             |     2 |     6 |    10 |    18 ||    36
       Ration            |       |       |     1 |     8 ||     9
Armor: Ring mail         |    73 |    72 |     2 |       ||   147
       Scale mail        |     6 |       |   201 |   352 ||   559
       Skin              |       |       |       |    15 ||    15
Dodge: Dodged            |    47 |    71 |   180 |   352 ||   650
